 Dungeon Crawl Stone Soup version 0.23.2-30-g0e89c35649 (webtiles) character file.

Game seed: 7296754961695605994

2660 Kobolds4U the Cleaver (level 9, 0/75 HPs)
             Began as a Minotaur Fighter on June 23, 2019.
             Was a Believer of the Shining One.
             Shot with an arrow by a centaur warrior (16 damage)
             ... on level 8 of the Dungeon.
             The game lasted 00:14:48 (6507 turns).

Kobolds4U the Cleaver (Minotaur Fighter)            Turns: 6507, Time: 00:14:48

Health: 0/75       AC: 11    Str: 22    XL:     9   Next: 36%
Magic:  8/8        EV:  5    Int:  5    God:    the Shining One [**....]
Gold:   353        SH: 12    Dex: 12    Spells: 8/8 levels left

rFire    + . .     SeeInvis .   a - +0 war axe
rCold    + . .     Gourm    .   c - +0 shield
rNeg     + . .     Faith    .   h - +0 chain mail
rPois    .         Spirit   .   (helmet restricted)
rElec    .         Reflect  +   p - scarf {rC+ rF+}
rCorr    .         Harm     .   j - +0 pair of gloves
MR       .....                  L - +0 pair of boots
Stlth    ..........             w - +3 amulet of reflection
HPRegen  0.22/turn              (no ring)
MPRegen  0.11/turn              (no ring)

@: glowing
A: retaliatory headbutt, horns 2
a: Divine Shield, Renounce Religion


You were on level 8 of the Dungeon.
You worshipped the Shining One.
The Shining One was pleased with you.
You were not hungry.

You visited 2 branches of the dungeon, and saw 9 of its levels.

You collected 353 gold pieces.

Inventory:

Hand Weapons
 a - a +0 war axe (weapon)
 G - a +2 whip of freezing
Missiles
 m - 70 arrows
 s - 23 bolts
Armour
 c - a +0 shield (worn)
 h - a +0 chain mail (worn)
 j - a +0 pair of gloves (worn)
 p - a scarf of resistance (worn)
 C - the +0 leather armour "Woasuf" {+Blink rF+}
   (You found it on level 6 of the Dungeon)

   It protects you from fire.
   It lets you blink.
 D - a +2 ring mail of fire resistance
 L - a +0 pair of boots (worn)
Jewellery
 u - an uncursed ring of wizardry
 w - a +3 amulet of reflection (around neck)
 F - an uncursed ring of positive energy
 I - a cursed ring of attention {unknown}
 J - an uncursed ring of stealth {unknown}
Wands
 x - a wand of enslavement (9)
 A - a wand of disintegration (15)
 K - a wand of iceblast (11)
Scrolls
 b - 2 scrolls of random uselessness {unknown}
 i - 5 scrolls of teleportation {unknown}
 l - 8 scrolls of identify {unknown}
 n - 2 scrolls of immolation {unknown}
 o - a scroll of enchant weapon {unknown}
 r - 5 scrolls of remove curse {unknown}
 t - a scroll of blinking {unknown}
 y - 3 scrolls of fog {unknown}
 B - a scroll of amnesia {unknown}
 E - a scroll of fear {unknown}
 H - a scroll of enchant armour {unknown}
 P - a scroll of magic mapping {unknown}
Potions
 d - 2 potions of might
 e - 10 potions of curing
 g - 2 potions of heal wounds
 k - a potion of brilliance {unknown}
 q - 2 potions of ambrosia {unknown}
 v - a potion of flight {unknown}
 z - 2 potions of haste {unknown}
 N - a potion of cancellation {unknown}
 O - 3 potions of magic {unknown}
Comestibles
 f - 11 rations


   Skills:
 + Level 6.2 Fighting
 + Level 13.9 Axes
 - Level 3.6 Armour
 - Level 3.6 Shields


You had 8 spell levels left.
You didn't know any spells.
Your spell library contained the following spells:

 Spells                   Type           Power        Failure   Level  Hunger
 Confusing Touch          Hex            #.....       100%        1    ##.....
 Confuse                  Hex            #.......     100%        3    ####...
 Gell's Gravitas          Tloc           #.........   100%        3    ####...
 Petrify                  Tmut/Erth      #.......     100%        4    #####..
 Metabolic Englaciation   Hex/Ice        #.........   100%        5    ######.
 Yara's Violent Unravell  Hex/Tmut       #.........   100%        5    ######.


Dungeon Overview and Level Annotations

Branches:
Dungeon (8/15)             Temple (1/1) D:4
   Lair: D:8-11

Altars:
Ashenzari
Cheibriados
Elyvilon
Fedhas
Gozag
Hepliaklqana
Kikubaaqudgha
Makhleb
Nemelex Xobeh
Okawaru
Qazlal
Ru
Sif Muna
Trog
Uskayaw
Vehumet
Wu Jian
Xom
Yredelemnul
Zin
The Shining One

Shops:
D:5 *

Annotations:
D:7 2 transporters, stonage's ghost, novice OpFE


Innate Abilities, Weirdness & Mutations

You reflexively headbutt those who attack you in melee.
You have a pair of horns on your head.


Message History

You furiously retaliate!
You headbutt the jelly. You slash the jelly!
You kill the jelly!
Your life force feels restored.
You slash the ogre mage! You hit the manticore but do no damage.
The ogre mage hits you with a +0 flail. The manticore bites you!
* * * LOW HITPOINT WARNING * * *
You block the manticore's attack.
The manticore claws you but does no damage.
The ogre mage gestures at you while chanting.
You resist with significant effort. The ogre mage completely misses you.
You furiously retaliate!
You headbutt the ogre mage! The ogre mage hits you with a +0 flail.
* * * LOW HITPOINT WARNING * * *
The ogre mage points at you and mumbles some strange words.
The bolt of lightning misses you.
The centaur warrior wields a +0 longbow.
The centaur warrior shoots an arrow.
The arrow hits you!
You die...

#...###..##
#......!..# .
#.....)..# ..
###C###.....#
#.##..c..##....#
#.#.......##..##
#.#HO.....#####
#.............
##.@......###.
#...#####.#
#...# .# #...#
.# #...# ..
#...#####.#
###.......#
##.....##
#.###.#


You could see a centaur warrior, an ogre mage, a manticore and a cyclops.

Vanquished Creatures
  Pikel (D:5)
  Eustachio (D:4)
  A slave (D:5)
  An ice beast (D:6)
  A sky beast (D:6)
  A necrophage (D:6)
  An orc warrior (D:6)
  An ogre (D:6)
  3 phantoms
  Blork the orc (D:4)
  A big kobold (D:6)
  A wyvern skeleton (D:6)
  A scorpion (D:4)
  A wight (D:8)
  3 howler monkeys
  3 crimson imps
  3 jellies
  2 hounds
  2 orc wizards (D:7)
  An orc priest (D:7)
  Ijyb (D:4)
  Jessica (D:2)
  2 iguanas
  8 worker ants
  Robin (D:3)
  8 gnolls
  7 adders
  3 shadow imps
  3 oozes
  3 worms (D:2)
  4 dart slugs
  5 leopard geckos
  9 orcs
  5 bats
  6 giant cockroaches
  13 hobgoblins
  11 jackals
  26 kobolds
  5 quokkas
  A ball python (D:1)
  7 frilled lizards
  21 goblins
  A jackal zombie (D:6)
  A leopard gecko zombie (D:5)
  A quokka skeleton (D:4)
  7 rats
190 creatures vanquished.

Notes
Turn   | Place    | Note
-------+----------+-------------------------------------------
     0 | D:1      | Kobolds4U the Minotaur Fighter began the quest for the Orb.
     0 | D:1      | Reached XP level 1. HP: 19/19 MP: 0/0
    37 | D:1      | Reached skill level 3 in Axes
   250 | D:1      | Reached XP level 2. HP: 26/26 MP: 1/1
   591 | D:1      | Reached skill level 4 in Axes
   694 | D:1      | Reached XP level 3. HP: 29/31 MP: 2/2
  1113 | D:2      | Reached skill level 5 in Axes
  1122 | D:2      | Reached XP level 4. HP: 38/39 MP: 3/3
  1350 | D:2      | Reached skill level 6 in Axes
  1547 | D:2      | Reached XP level 5. HP: 45/45 MP: 4/4
  1566 | D:2      | Found a shimmering altar of Xom.
  1641 | D:2      | Noticed Jessica
  1644 | D:2      | Killed Jessica
  2158 | D:3      | Noticed Robin
  2171 | D:3      | Reached skill level 7 in Axes
  2185 | D:3      | Killed Robin
  2373 | D:3      | Found a burning altar of Makhleb.
  2723 | D:4      | Found a staircase to the Ecumenical Temple.
  2743 | Temple   | Entered the Ecumenical Temple
  2973 | Temple   | Became a worshipper of the Shining One
  3039 | D:4      | Noticed a phantom
  3045 | D:4      | Reached XP level 6. HP: 47/51 MP: 5/5
  3052 | D:4      | Reached skill level 8 in Axes
  3165 | D:4      | Noticed Eustachio
  3188 | D:4      | Killed Eustachio
  3188 | D:4      | Reached skill level 9 in Axes
  3188 | D:4      | Reached XP level 7. HP: 54/57 MP: 6/6
  3318 | D:4      | Noticed Ijyb
  3326 | D:4      | Killed Ijyb
  3362 | D:4      | Noticed Blork the orc
  3370 | D:4      | Killed Blork the orc
  3370 | D:4      | Reached skill level 10 in Axes
  3469 | D:5      | Entered Level 5 of the Dungeon
  3936 | D:5      | Found Qigayz's Lightly-Used Armoury.
  3942 | D:5      | Reached skill level 11 in Axes
  4097 | D:5      | Noticed Pikel
  4113 | D:5      | Killed Pikel
  4113 | D:5      | Reached skill level 12 in Axes
  4113 | D:5      | Reached XP level 8. HP: 48/64 MP: 7/7
  4662 | D:6      | Found a blossoming altar of Fedhas.
  4702 | D:6      | Reached * piety under the Shining One
  4728 | D:6      | Reached skill level 13 in Axes
  4907 | D:6      | HP: 1/67 [gnoll/+0 halberd (9)]
  4912 | D:6      | Reached XP level 9. HP: 20/72 MP: 8/8
  5014 | D:6      | Reached skill level 5 in Fighting
  5268 | D:6      | Got a steaming leather armour
  5279 | D:6      | Identified the +0 leather armour "Woasuf" {+Blink rF+} (You
                  | found it on level 6 of the Dungeon)
  5361 | D:6      | Found a shattered altar of Ashenzari.
  5364 | D:6      | Found a white marble altar of Elyvilon.
  5377 | D:6      | Found a glowing silver altar of Zin.
  5392 | D:6      | Found a burning altar of Makhleb.
  6084 | D:7      | Found a transporter.
  6085 | D:7      | Noticed stonage's ghost (novice OpFE)
  6085 | D:7      | Identified the +6 dire flail of Kiuraorch {freeze, rElec
                  | MR+ Str+2 Int+3}
  6089 | D:7      | Found a transporter.
  6247 | D:7      | Found a shimmering altar of Xom.
  6254 | D:7      | Found a shimmering altar of Xom.
  6254 | D:7      | Found a shimmering altar of Xom.
  6255 | D:7      | Found a shimmering altar of Xom.
  6255 | D:7      | Found a shimmering altar of Xom.
  6255 | D:7      | Found a shimmering altar of Xom.
  6255 | D:7      | Found a shimmering altar of Xom.
  6489 | D:8      | Noticed a manticore
  6489 | D:8      | Reached ** piety under the Shining One
  6491 | D:8      | Noticed an ogre mage
  6495 | D:8      | Noticed a cyclops
  6497 | D:8      | Noticed a centaur warrior
  6507 | D:8      | Shot with an arrow by a centaur warrior

Skill      XL: |  1  2  3  4  5  6  7  8  9 |
---------------+----------------------------+-----
Axes           | 3 4 5 6 7 9 12 13 | 13.9
Fighting       | 4 6 |  6.2
Armour         | |  3.6
Shields        | |  3.6

Action                   |  1- 3 |  4- 6 |  7- 9 || total
-------------------------+-------+-------+-------++-------
Melee: War axe           |   101 |   176 |   187 ||   464
       Headbutt          |     7 |    28 |    24 ||    59
  Use: Potion            |       |       |     3 ||     3
  Eat: Chunk             |     1 |     7 |    10 ||    18
Armor: Scale mail        |    33 |       |       ||    33
       Chain mail        |    43 |    91 |    64 ||   198
Dodge: Dodged            |    26 |    27 |    32 ||    85
Block: Shield            |    72 |   107 |    99 ||   278
       Reflection        |       |       |     6 ||     6
